 Dungeon Crawl Stone Soup version 0.15.0-34-g666c3a1 (webtiles) character file.

16892 MackTheKnife the Unseen (level 12, -4/61 HPs)
             Began as a Spriggan Enchanter on Sept 14, 2014.
             Was a High Priest of Dithmenos.
             Slain by a yak (7 damage)
             ... while paralysed by Rupert
             ... on Level 4 of the Lair of Beasts.
             The game lasted 00:45:39 (16577 turns).

MackTheKnife the Unseen (Spriggan Enchanter)       Turns: 16577, Time: 00:45:39

HP  -4/61        AC  5     Str  4      XL: 12   Next: 14%
MP  43/43        EV  4     Int 21      God: Dithmenos [*****.]
Gold 665         SH  0     Dex 17      Spells:  7 memorised, 13 levels left

rFire  . . .     SeeInvis +     O - +2 dagger (venom)
rCold  . . .     Clarity  +     b - +2 robe
rNeg   . . .     rCorr    .     (shield restricted)
rPois  .         rRot     .     (helmet restricted)
rElec  .         Spirit   .     y - +0 cloak
SustAb .         Warding  .     (gloves unavailable)
rMut   .         Stasis   .     (boots unavailable)
Gourm  .                        J - amulet of clarity
MR     ++...                    P - ring of magical power
                                f - ring of teleport control

@: paralysed, wreathed by umbra, drained, very quick, very resistant to hostile
enchantments, uncannily stealthy
A: unfitting armour, see invisible, herbivore 3, speed 3, slow metabolism 2
a: Shadow Step, Shadow Form, Renounce Religion, Evoke Teleport Control


You were on level 4 of the Lair of Beasts.
You worshipped Dithmenos.
Dithmenos was extremely pleased with you.
You were not hungry.

You visited 3 branches of the dungeon, and saw 15 of its levels.
You also visited: Sewer and Ossuary.

You collected 665 gold pieces.


Innate Abilities, Weirdness & Mutations

You are tiny and cannot use many weapons and most armour.
You have supernaturally acute eyesight.
You are a herbivore.
You cover ground extremely quickly.
You need consume almost no food.


   Skills:
 - Level 6.0(5.5) Fighting
 - Level 6.0(5.6) Short Blades
 - Level 10.1(9.6) Dodging
 - Level 16.0(15.5) Stealth
 + Level 11.5(11.0) Spellcasting
 - Level 8.5(8.0) Hexes
 + Level 7.6(7.1) Charms


You had 13 spell levels left.
You knew the following spells:

 Your Spells              Type           Power        Failure   Level  Hunger
a - Ozocubu's Armour      Chrm/Ice       ####....     4%          3    None
d - Repel Missiles        Chrm/Air       ####..       1%          2    None
f - Enslavement           Hex            #####...     2%          4    #......
g - Regeneration          Chrm/Necr      ####......   4%          3    None
t - Control Teleport      Chrm/Tloc      ####......   17%         4    #......
x - Confuse               Hex            #####...     1%          3    None
z - Ensorcelled Hibernat  Hex/Ice        ####..       1%          2    None

Inventory:

Hand weapons
 O - a +2 dagger of venom (weapon)
Armour
 b - a +2 robe (worn)
 y - a +0 cloak (worn)
Magical devices
 p - a wand of draining (1)
 G - a wand of confusion (8) {unknown}
 M - a wand of slowing (13)
 N - a wand of magic darts (11)
Comestibles
 a - 2 slices of pizza
 o - 5 bread rations
 t - 20 fruits
 F - a royal jelly
Scrolls
 c - a scroll of amnesia
 e - 4 scrolls of identify
 k - 4 scrolls of remove curse
 l - 8 scrolls of teleportation
 q - 3 scrolls of fear
 v - 2 scrolls of enchant weapon
 x - a scroll of fog
 I - 2 scrolls of magic mapping
Jewellery
 f - a ring of teleport control (left hand)
 z - an uncursed ring of flight
 J - an amulet of clarity (around neck)
 P - a ring of magical power (right hand)
Potions
 d - a potion of porridge
 g - a potion of beneficial mutation {unknown}
 h - a potion of resistance
 i - 4 potions of flight
 j - 14 potions of curing
 m - 3 potions of might
 n - 5 potions of heal wounds
 r - 5 potions of magic
 s - 2 potions of degeneration {unknown}
 u - 2 potions of brilliance
 w - 2 potions of berserk rage {unknown}
 A - 3 potions of agility
 B - 2 potions of restore abilities {unknown}
 C - a potion of invisibility {unknown}
 D - 2 potions of haste {unknown}
 E - a potion of lignification {unknown}
Books
 H - the Guide on Dislocated Protection
   (You found it on level 3 of the Lair of Beasts)

   Spells                             Type                      Level
   *Repel Missiles                    Charms/Air                   2
   *Regeneration                      Charms/Necromancy            3
   Spectral Weapon                    Hexes/Charms                 3
   *Control Teleport                  Charms/Translocation         4
   Warp Weapon                        Charms/Translocation         5

▒············▒········
▒▒···········▒·········
▒············▒▒·B······
▒·▒▒·············PY·····B
▒/▒▒▒▒····················
▒▒ ▒··················Y···
▒·▒·▒····················
▒·············Y·Y···(···
▒▒▒···P······i@·········
▒·▒▒▒▒▒······Y······▒▒ ▒·▒
▒PP···········▒▒ ▒▒
▒··············
▒···············
··············
············ ··········
····


You could see Rupert, a boring beetle (wandering) and 4 yaks.


Message History

The yak moves out of view.
Rupert the Wild comes into view.
He is wielding a glowing great mace.
A yak comes into view.
Aiming: Ensorcelled Hibernation
Aim: a yak (umbra)
Okay, then.
Aiming: Ensorcelled Hibernation
Aim: a yak (umbra)
The yak looks drowsy...
Rupert roars wildly at you.
You suddenly lose the ability to move!
Rupert yells loudly at you.
You easily resist.
A yak comes into view.
The yak gores you but does no damage. Rupert roars wildly at you.
You easily resist.
The yak gores you!
Rupert screams, "Die, monster!"
Rupert hits you with a glowing great mace!!
* * * LOW HITPOINT WARNING * * *
You feel drained.
* * * LOW HITPOINT WARNING * * *
The yak gores you.
* * * LOW HITPOINT WARNING * * *
The yak gores you!
* * * LOW HITPOINT WARNING * * *
Rupert yells loudly at you.
You easily resist.
The yak gores you!
You die...

Action                   |  1- 3 |  4- 6 |  7- 9 | 10-12 || total
-------------------------+-------+-------+-------+-------++-------
Melee: Dagger            |    83 |   223 |   533 |   529 ||  1368
 Cast: Ensorcelled Hiber |     7 |    20 |    81 |    95 ||   203
       Confuse           |     1 |    20 |    15 |    56 ||    92
       Ozocubu's Armour  |       |       |       |     1 ||     1
Invok: Shadow Step       |       |       |       |     3 ||     3
Evoke: Wand              |       |     1 |     2 |    11 ||    14
  Use: Scroll            |     9 |     4 |     5 |     5 ||    23
       Potion            |       |       |     6 |     2 ||     8
 Stab: Sleeping          |    11 |    21 |   114 |   108 ||   254
       Distracted        |     1 |     1 |       |     3 ||     5
       Confused          |       |     8 |     8 |    32 ||    48
  Eat: Bread ration      |       |     1 |     1 |     1 ||     3

Vault maps used:
D:1:      saegor_arrival_simple_d, hangedman_decor_growths
D:2:      makhleb_heckhound_becter
D:3:      grunt_temple_overflow_diamond, kiku_gazebo_pond_becter, serial_forest,
          infiniplex_forest_corner_1, infiniplex_forest_clump_tiny,
          infiniplex_forest_side_room, infiniplex_forest_zigzag_1,
          infiniplex_forest_straight_3, infiniplex_forest_clump_C,
          infiniplex_forest_end_3, infiniplex_forest_clump_small, first_bread
D:4:      fedhas_altar_2, lemuel_coloured_pillars_altar,
          grunt_temple_overflow_open, temple_statues
D:5:      kennysheep_mini, serial_park_tiny_2, minmay_misc_feat_four_crosses
D:6:      portal_sewer_entry_f, grunt_dithmenos_smoke_and_mirrors
D:7:      lemuel_crystal_altar, nicolae_ossuary_entry_giza, the_bakery,
          grunt_ministairs_3, xom_confusion_cloud
D:8:      lemuel_insect_pit
D:9:      lemuel_round_altar
D:10:     due_lair_maze_entry_diamond, serial_shops, shop, st_stairs_3,
          kennysheep_nub, david_defended_altar_elf
Temple:   circular_temple_6
Lair:1:   guppyfry_lair_drakes
Lair:2:   grunt_forest_large_clearings, serial_bayou_shore_a
Lair:3:   beast_lair_carwin_large_1, wad_woods_road_03, minmay_holes,
          wad_woods_road_02, infiniplex_staircase_pool
Lair:4:   minmay_hedge_maze, uniq_maud, uniq_harold, uniq_rupert, uniq_fannar
Sewer:    sewer_minmay_treatment
Ossuary:  ossuary_tomb_2

Notes
Turn   | Place    | Note
--------------------------------------------------------------
     0 | D:1      | MackTheKnife, the Spriggan Enchanter, began the quest for the Orb.
     0 | D:1      | Reached XP level 1. HP: 9/9 MP: 4/4
   124 | D:1      | Reached skill level 3 in Spellcasting
   356 | D:1      | Reached XP level 2. HP: 13/13 MP: 8/8
   360 | D:1      | Learned a level 2 spell: Ensorcelled Hibernation
   882 | D:2      | Found a burning altar of Makhleb.
   888 | D:2      | Reached skill level 4 in Hexes
  1090 | D:2      | Reached skill level 5 in Stealth
  1090 | D:2      | Reached XP level 3. HP: 16/16 MP: 8/11
  1095 | D:2      | Learned a level 3 spell: Confuse
  1611 | D:2      | Reached skill level 4 in Spellcasting
  1611 | D:2      | Reached XP level 4. HP: 18/21 MP: 12/15
  1734 | D:3      | Reached skill level 6 in Stealth
  1746 | D:3      | Found an ancient bone altar of Kikubaaqudgha.
  1922 | D:3      | Reached XP level 5. HP: 21/24 MP: 15/18
  1976 | D:3      | Reached skill level 5 in Hexes
  2273 | D:3      | Found a glowing golden altar of the Shining One.
  2276 | D:3      | Found a snail-covered altar of Cheibriados.
  2282 | D:3      | Found a deep blue altar of Sif Muna.
  2696 | D:4      | Found a shadowy altar of Dithmenos.
  2697 | D:4      | Found a basalt altar of Yredelemnul.
  2707 | D:4      | Became a worshipper of Dithmenos the Shadowed
  2755 | D:4      | Found a radiant altar of Vehumet.
  2765 | D:4      | Reached skill level 7 in Stealth
  2773 | D:4      | Reached XP level 6. HP: 28/28 MP: 17/20
  2823 | D:4      | Reached skill level 5 in Spellcasting
  3013 | D:4      | Found a blossoming altar of Fedhas.
  3424 | D:4      | Found a staircase to the Ecumenical Temple.
  3441 | Temple   | Entered the Ecumenical Temple
  3503 | D:5      | Entered Level 5 of the Dungeon
  3875 | D:5      | Reached skill level 6 in Hexes
  4111 | D:5      | Reached skill level 8 in Stealth
  4111 | D:5      | Reached XP level 7. HP: 32/32 MP: 17/23
  4373 | D:5      | Found a shimmering altar of Xom.
  4389 | D:5      | Reached skill level 2 in Short Blades
  4389 | D:5      | Reached skill level 6 in Spellcasting
  4647 | D:5      | Reached skill level 7 in Hexes
  4731 | D:6      | Reached skill level 3 in Short Blades
  4793 | D:6      | Reached XP level 8. HP: 36/36 MP: 22/25
  4826 | D:6      | Found a glowing drain.
  4862 | D:6      | Reached skill level 7 in Spellcasting
  4867 | Sewer    | Entered a sewer
  4905 | Sewer    | Acquired Dithmenos' first power
  5086 | Sewer    | Reached skill level 4 in Short Blades
  5524 | D:6      | Learned a level 4 spell: Enslavement
  5565 | D:6      | Found a shadowy altar of Dithmenos.
  5585 | D:6      | Acquired Dithmenos' second power
  5589 | D:6      | Reached skill level 8 in Hexes
  5779 | D:6      | Reached skill level 5 in Short Blades
  5783 | D:6      | Reached skill level 8 in Spellcasting
  6065 | D:7      | Noticed a troll
  6077 | D:7      | Killed a troll
  6077 | D:7      | Reached skill level 9 in Stealth
  6124 | D:7      | Reached XP level 9. HP: 39/39 MP: 28/28
  6133 | D:7      | Found a sand-covered staircase.
  6157 | Ossuary  | Entered an ossuary
  6225 | Ossuary  | Acquired Dithmenos' third power
  6277 | Ossuary  | Reached skill level 6 in Short Blades
  6578 | D:7      | Reached skill level 10 in Stealth
  6583 | D:7      | Found a shimmering altar of Xom.
  6613 | D:7      | Found a glowing silver altar of Zin.
  6767 | D:7      | Reached skill level 11 in Stealth
  7156 | D:7      | Reached skill level 12 in Stealth
  7627 | D:8      | Reached skill level 13 in Stealth
  7954 | D:8      | Acquired Dithmenos' fourth power
  8116 | D:8      | Reached skill level 14 in Stealth
  8840 | D:9      | Reached XP level 10. HP: 41/44 MP: 22/29
  8879 | D:9      | Reached skill level 4 in Dodging
  9234 | D:9      | Reached skill level 5 in Dodging
  9661 | D:9      | Reached skill level 6 in Dodging
  9688 | D:9      | Found a shattered altar of Ashenzari.
 10528 | D:10     | Entered Level 10 of the Dungeon
 10618 | D:10     | Reached skill level 7 in Dodging
 10647 | D:10     | Found Peul's General Store.
 10712 | D:10     | Found a deep blue altar of Sif Muna.
 10866 | D:10     | Reached skill level 8 in Dodging
 10934 | D:10     | Found a staircase to the Lair.
 11323 | D:10     | Reached skill level 9 in Dodging
 11366 | D:10     | Noticed a hill giant
 11385 | D:10     | Killed a hill giant
 11385 | D:10     | Reached skill level 10 in Dodging
 11515 | D:10     | Reached skill level 1 in Fighting
 11523 | D:10     | Reached skill level 2 in Fighting
 11824 | D:9      | Reached skill level 3 in Fighting
 12154 | D:10     | Reached skill level 4 in Fighting
 12479 | Lair:1   | Entered Level 1 of the Lair of Beasts
 12690 | Lair:1   | Reached XP level 11. HP: 54/54 MP: 31/31
 12714 | Lair:1   | Learned a level 3 spell: Ozocubu's Armour
 12728 | Lair:1   | Reached skill level 5 in Fighting
 12988 | Lair:1   | Reached skill level 6 in Fighting
 13095 | Lair:1   | Reached skill level 15 in Stealth
 13189 | Lair:1   | Noticed a five-headed hydra
 13202 | Lair:1   | Killed a five-headed hydra
 13255 | Lair:1   | Reached skill level 9 in Spellcasting
 13799 | Lair:1   | Reached skill level 16 in Stealth
 14230 | Lair:2   | Reached skill level 1 in Charms
 14739 | Lair:2   | Reached skill level 2 in Charms
 15142 | Lair:2   | Reached skill level 10 in Spellcasting
 15366 | Lair:3   | Reached skill level 3 in Charms
 15369 | Lair:3   | Reached skill level 4 in Charms
 15435 | Lair:3   | Reached skill level 5 in Charms
 15809 | Lair:3   | Noticed a seven-headed hydra
 16112 | Lair:3   | Killed a seven-headed hydra
 16112 | Lair:3   | Reached skill level 11 in Spellcasting
 16112 | Lair:3   | Reached skill level 6 in Charms
 16315 | Lair:3   | Reached XP level 12. HP: 61/61 MP: 34/34
 16324 | Lair:3   | Identified the Guide on Dislocated Protection (You found it on level 3 of the Lair of Beasts)
 16328 | Lair:3   | Learned a level 2 spell: Repel Missiles
 16333 | Lair:3   | Learned a level 4 spell: Control Teleport
 16337 | Lair:3   | Learned a level 3 spell: Regeneration
 16401 | Lair:4   | Noticed a six-headed hydra
 16405 | Lair:4   | Killed a six-headed hydra
 16405 | Lair:4   | Reached skill level 7 in Charms
 16568 | Lair:4   | Noticed Rupert
 16570 | Lair:4   | Paralysed by Rupert for 7 turns
 16577 | Lair:4   | HP: 3/61 [yak (14)]
 16577 | Lair:4   | Slain by a yak

Vanquished Creatures
  3 hydras
  A hill giant (D:10)
  3 spiny frogs
  A komodo dragon (Lair:4)
  4 polar bears (Lair:3)
  A troll (D:7)
  A deep elf priest (D:10)
  A hydra skeleton (D:10)
  4 blink frogs (Lair:3)
  A basilisk (Lair:1)
  A trapdoor spider (D:10)
  A spriggan (D:7)
  A wraith (D:10)
  7 yaks
  4 hippogriffs
  A wyvern (D:10)
  5 wolves (Lair:1)
  A tengu zombie (D:10)
  6 water moccasins
  A necrophage (D:5)
  4 sky beasts
  5 black bears
  4 ice beasts
  5 porcupines
  An orc warrior (D:9)
  3 centaurs
  3 ogres
  7 crocodiles
  A big kobold (Sewer)
  2 gnoll sergeants
  7 giant frogs
  A water moccasin zombie (Ossuary)
  8 scorpions
  9 wights
  A centaur zombie (D:9)
  4 killer bees
  3 goliath beetles (D:8)
  4 jellies
  4 crimson imps
  A giant frog zombie (D:9)
  A quasit (D:8)
  10 hounds
  10 orc wizards
  4 orc priests
  9 iguanas
  13 worker ants
  2 ogre zombies
  6 sheep (Lair:2)
  4 big kobold zombies (Ossuary)
  A hound skeleton (D:4)
  A hound zombie (D:5)
  3 mummies
  2 worker ant zombies (D:5)
  16 adders
  10 gnolls
  36 green rats
  A shadow imp (D:5)
  5 giant mites
  An inept item mimic (Sewer)
  2 worms
  A gnoll skeleton (D:6)
  2 adder zombies (Ossuary)
  4 giant geckos
  31 orcs
  A bat zombie (D:7)
  11 giant cockroaches
  3 gnoll zombies (Ossuary)
  12 goblins
  5 hobgoblins
  33 kobolds
  4 quokkas
  8 ball pythons
  12 bats
  4 giant newts
  A goblin skeleton (D:4)
  3 goblin zombies
  5 hobgoblin zombies
  12 jackals
  7 kobold zombies
  An orc skeleton (D:9)
  9 orc zombies
  39 rats
  A rat skeleton (D:4)
471 creatures vanquished.

Vanquished Creatures (others)
  An orc warrior (D:7)
  A giant frog (D:7)
  A wight (D:7)
  A goliath beetle (D:7)
  A quokka (D:7)
  A giant spore (D:7)
  A rat (D:7)
  5 fungi (D:10)
  2 plants (D:10)
14 creatures vanquished.

Grand Total: 485 creatures vanquished
